 Dungeon Crawl Stone Soup version 0.29.1-2-gbd0b4ee654 (webtiles) character file.

Game seed: 16807035334539666453

2358 Hadkhar the Magician (level 9, -13/66 HPs)
             Began as a Djinni Earth Elementalist on Nov 1, 2022.
             Was a Follower of Makhleb.
             Killed from afar by Erica (24 damage)
             ... with a lance of force
             ... on level 8 of the Dungeon.
             The game lasted 00:48:05 (8393 turns).

Hadkhar the Magician (Djinni Earth Elementalist)    Turns: 8393, Time: 00:48:05

Health: -13/66     AC:  8    Str: 13    XL:     9   Next: 72%
Gold:   490        EV: 12    Int: 24    God:    Makhleb [*.....] SH:  0 Dex: 14

rFire   + + .      SeeInvis .   x - +3 quarterstaff (chaos)
rCold   x . .      Faith    .   (shield currently unavailable)
rNeg    . . .      Spirit   .   a - +0 robe
rPois   ∞          Reflect  .   v - +1 helmet {Int+3}
rElec   .          Harm     .   y - +0 cloak
rCorr   .          Rampage  .   r - +2 pair of gloves
Will    .....                   (boots unavailable)
Stlth   +++.......              (no amulet)
HPRegen 0.21/turn               u - +6 ring of strength
MPRegen 0.00/turn               (no ring)

@: flying, slowed, studying Shields, very slow
A: sickness immunity, fire resistance 2, cold vulnerability 1, float, innate
caster, HP casting, extra vitality 1
a: Renounce Religion


You were on level 8 of the Dungeon.
You worshipped Makhleb.
Makhleb was aware of your devotion.
You visited 2 branches of the dungeon, and saw 9 of its levels.

You collected 490 gold pieces.

Inventory:

Hand Weapons
 x - a +3 quarterstaff of chaos (weapon)
Missiles
 h - 2 throwing nets
Armour
 a - a +0 robe (worn)
 r - a +2 pair of gloves (worn)
 v - a +1 helmet of intelligence (worn)
 y - a +0 cloak (worn)
Jewellery
 u - a +6 ring of strength (left hand)
Wands
 o - a wand of quicksilver (11)
 p - a wand of digging (6)
 w - a wand of flame (10)
 B - a wand of polymorph (8)
Scrolls
 c - a scroll of magic mapping {unknown}
 d - a scroll of butterflies {unknown}
 f - 2 scrolls of enchant armour {unknown}
 g - 2 scrolls of fear {unknown}
 i - 5 scrolls of teleportation
 j - 4 scrolls of immolation
 m - 2 scrolls of noise {unknown}
 q - a scroll of summoning {unknown}
 z - a scroll of silence {unknown}
 D - a scroll of vulnerability {unknown}
 E - a scroll of blinking {unknown}
 F - a scroll of amnesia {unknown}
Potions
 b - a potion of magic {unknown}
 e - 4 potions of curing
 k - a potion of lignification {unknown}
 l - 3 potions of mutation
 n - 5 potions of might {unknown}
 s - 3 potions of brilliance
 t - 5 potions of heal wounds {unknown}
 A - 2 potions of haste
 C - a potion of berserk rage {unknown}
 G - 2 potions of cancellation {unknown}
 H - a potion of flight {unknown}


   Skills:
 + Level 6.0 Fighting
 - Level 2.1 Dodging
 + Level 5.8 Stealth
 * Level 7.1 Spellcasting


You had 3 spell levels left.
You knew the following spells:

 Your Spells              Type           Power      Damage    Failure   Level
a - Sandblast             Erth           86%        2d18      1%          1
b - Passwall              Tmut/Erth      35%        N/A       1%          2
c - Stone Arrow           Conj/Erth      86%        3d12      1%          3
d - Petrify               Tmut/Erth      43%        N/A       3%          4
e - Apportation           Tloc           86%        N/A       1%          1
f - Static Discharge      Conj/Air       43%        3-9/arc   1%          2
g - Portal Projectile     Hex/Tloc       86%        N/A       1%          3
h - Ozocubu's Armour      Ice            43%        N/A       1%          3
Your spell library was empty.

Dungeon Overview and Level Annotations

Branches:
Dungeon (8/15)             Temple (1/1) D:4
   Lair: D:8-11

Altars:
Ashenzari
Cheibriados
Dithmenos
Elyvilon
Fedhas
Gozag
Hepliaklqana
Makhleb
Nemelex Xobeh
Okawaru
Qazlal
Ru
Trog
Uskayaw
Wu Jian
Xom
Yredelemnul
Zin
The Shining One

Shops:
D:5 *   D:6 [[   D:8 [

Annotations:
D:8 Erica


Innate Abilities, Weirdness & Mutations

You are immune to sickness and miasma.
You are immune to poison.
Your flesh is very heat resistant. (rF++)
You are vulnerable to cold. (rC-)
You float through the air rather than walking.
You learn spells naturally, not from books.
Your magical power is your life essence.
You have superior vitality. (+4 MHP)


Message History

You see here 9 stones.
Found a stone staircase leading down.
There is an escape hatch in the ceiling here.
Found a purple potion.
Found a shimmering altar of Xom.
t - 5 purple potions (gained 1)
Found a dagger.
Unknown command.
You see here a +0 dagger.
Found a glowing golden altar of the Shining One.
Found 15 gold pieces.
You now have 490 gold pieces (gained 15).
Found a whip.
You see here a +0 whip.
Done exploring.
There is a stone staircase leading down here.
You fly downwards.
Found 2 metallic black potions.
There is a stone staircase leading up here.
Erica the Fiery-Tempered comes into view.
She is wielding a +0 scimitar of flaming and wearing a +2 robe of resistance.
Found Palamy's Armour Shoppe.
Found an escape hatch in the ceiling.
Erica shouts!
Erica moves out of view.
Erica gestures wildly while chanting.
Erica flickers and vanishes!
Deactivating autopickup; reactivate with Ctrl-A.
Found a stone staircase leading up.
You hear some strange, mumbled words.
A lance of force appears from out of thin air!
The lance of force hits you!!!
Ouch! That really hurt!
You are knocked back by the lance of force.
You slam into the rock wall!
* * * LOW HITPOINT WARNING * * *
Found a book of Geomancy.
Found a stone staircase leading down.
You feel yourself slow down.
You hear some strange, mumbled words.
A lance of force appears from out of thin air!
The lance of force hits you!!
You die...

## #.# #. ..# # #.
#.# .#
###.###.####.#### #
#.#.............#
#..#.......#.......:
#<.!....##.#....#
.......{..@..#..##
.∩.#...#.#.#.......#
..................##
.8....#.##.#.#.####
........ #.#.....
.......# #.######.
....... ... >
....... #.# ...<.
..#


There were no monsters in sight!

Vanquished Creatures
  Pikel (D:4)
  A water moccasin (D:7)
  A sky beast (D:7)
  An ice beast (D:5)
  A black bear (D:6)
  2 centaurs (D:6)
  A phantom (D:5)
  A lemure (D:4)
  A bullfrog (D:7)
  Blork the orc (D:4)
  A necrophage (D:6)
  4 scorpions
  3 howler monkeys (D:7)
  2 jellies (D:6)
  Crazy Yiuf (D:2)
  5 hounds
  An orc priest (D:7)
  Jessica (D:2)
  3 iguanas
  3 orc wizards
  13 gnolls
  6 adders
  2 white imps
  2 ufetubi
  4 worms
  3 dart slugs
  10 orcs
  13 ball pythons
  7 endoplasms
  2 giant cockroaches
  9 goblins
  13 hobgoblins
  5 jackals
  2 quokkas
  5 bats
  3 frilled lizards
  2 kobolds (D:2)
  4 rats
140 creatures vanquished.

Notes
Turn   | Place    | Note
-------+----------+-------------------------------------------
     0 | D:1      | Hadkhar the Djinni Earth Elementalist began the quest for
                  | the Orb.
     0 | D:1      | Hadkhar set off with the following spells memorised:
                  | Sandblast, Passwall, Stone Arrow, Petrify.
     0 | D:1      | Reached XP level 1. HP: 15/15 MP: 0/0
   243 | D:1      | Reached XP level 2. HP: 19/22 MP: 0/0
   410 | D:1      | Reached skill level 1 in Fighting
   410 | D:1      | Reached XP level 3. HP: 17/27 MP: 0/0
   410 | D:1      | Learned a level 1 spell: Apportation
  1309 | D:1      | Reached skill level 3 in Spellcasting
  1502 | D:2      | Noticed Jessica
  1503 | D:2      | Found a faded altar of an unknown god.
  1512 | D:2      | Killed Jessica
  1513 | D:2      | Reached XP level 4. HP: 21/32 MP: 0/0
  2288 | D:2      | Reached XP level 5. HP: 36/38 MP: 0/0
  2288 | D:2      | Learned a level 2 spell: Static Discharge
  2962 | D:2      | Found a runed translucent door.
  2963 | D:2      | Noticed Crazy Yiuf
  2970 | D:2      | Killed Crazy Yiuf
  3384 | D:3      | Found a bloodstained altar of Trog.
  3393 | D:3      | Found a sparkling altar of Nemelex Xobeh.
  3519 | D:3      | Reached XP level 6. HP: 29/44 MP: 0/0
  4180 | D:3      | Reached skill level 4 in Spellcasting
  4352 | D:4      | Identified the +2 dagger "Nemus" {vorpal, *Rage rElec Dex-2
                  | SInv}
  4554 | D:4      | Reached XP level 7. HP: 26/50 MP: 0/0
  4554 | D:4      | Learned a level 3 spell: Portal Projectile
  4838 | D:4      | Found a staircase to the Ecumenical Temple.
  4886 | Temple   | Entered the Ecumenical Temple
  5148 | Temple   | Became a worshipper of Makhleb the Destroyer
  5199 | D:4      | Noticed Pikel
  5208 | D:4      | Killed Pikel
  5209 | D:4      | Reached skill level 5 in Spellcasting
  5209 | D:4      | Reached XP level 8. HP: 43/58 MP: 0/0
  5327 | D:4      | Noticed Blork the orc
  5337 | D:4      | Killed Blork the orc
  5744 | D:5      | Entered Level 5 of the Dungeon
  5744 | D:5      | Found Paowk's Assorted Antiques.
  5891 | D:5      | Identified the +8 spear of Conflict {venom, *Slow rPois
                  | Str-3 Int+9}
  6267 | D:5      | Reached skill level 6 in Spellcasting
  6477 | D:6      | Found Olygastri's Armour Shoppe.
  6566 | D:6      | Reached skill level 5 in Fighting
  6566 | D:6      | Reached XP level 9. HP: 36/65 MP: 0/0
  6566 | D:6      | Learned a level 3 spell: Ozocubu's Armour
  6870 | D:6      | Reached skill level 5 in Stealth
  6871 | D:6      | Found Hacva's Armour Boutique.
  7656 | D:7      | Reached * piety under Makhleb
  7992 | D:7      | Reached skill level 7 in Spellcasting
  8250 | D:7      | Found a shimmering altar of Xom.
  8320 | D:7      | Found a glowing golden altar of the Shining One.
  8385 | D:8      | Found Palamy's Armour Shoppe.
  8385 | D:8      | Noticed Erica
  8393 | D:8      | Killed from afar by Erica

Illustrated notes

Levels and vault maps discovered:
D:1:      minmay_arrival_shattered_statue, layout_basic
D:2:      layout_loops_corners, hellmonk_ecumenical_altar_lost_god, basic_altar,
          minmay_goblin_outpost, uniq_crazy_yiuf_cottage, uniq_jessica
D:3:      layout_basic, mainiacjoe_overflow_large_starburst,
          minmay_misc_feat_chi, grunt_decor_cap
D:4:      layout_rooms, temple_fountains, uniq_blork_the_orc, uniq_pikel
D:5:      layout_gridville, serial_shops, shop
D:6:      layout_cave_pools, serial_shops, nicolae_shop_advertising_works
          [nicolae_subvault_shop_adworks], shop, grunt_decor_fettered,
          minmay_manual_mares
D:7:      layout_loops_ring, mainiacjoe_overflow_catch_the_wave
D:8:      minmay_the_grid_plus_closed [minmay_the_grid_plusring,
          minmay_the_grid_rooms, minmay_the_grid_tri_star,
          minmay_the_grid_broken_lines, minmay_the_grid_prize_diamond_cup],
          layout_basic, serial_shops, shop_statue, uniq_erica
Temple:   dpeg_five_rooms_temple

Skill      XL: |  1  2  3  4  5  6  7  8  9 |
---------------+----------------------------+-----
Fighting       | 1 2 3 4 5 6 |  6.0
Stealth        | 2 3 4 5 |  5.8
Spellcasting   | 3 4 5 6 7 |  7.1
Dodging        | |  2.1

Action                   |  1- 3 |  4- 6 |  7- 9 || total
-------------------------+-------+-------+-------++-------
Melee: Flail             |     9 |       |       ||     9
       Club              |       |    37 |       ||    37
       Quarterstaff      |       |    35 |    14 ||    49
 Cast: Sandblast         |    31 |    58 |    61 ||   150
       Stone Arrow       |       |     9 |    37 ||    46
       Portal Projectile |       |       |     1 ||     1
  Use: Scroll            |       |     4 |     2 ||     6
 Stab: Sleeping          |       |     6 |       ||     6
       Distracted        |       |     1 |       ||     1
Armor: Robe              |     3 |    30 |    11 ||    44
Dodge: Dodged            |    11 |    55 |    19 ||    85
